Map: World of Sleepers LE

Players

YanXII

  • Race: Terran Terran
  • League: Master
  • Spawn Location: 7:00

DatBoiNYK - Winner!

  • Race: Zerg Zerg
  • League: Grandmaster
  • Spawn Location: 1:00

VOD

Have the link to the VOD?

Description

Time

  • Played on: Dec. 15, 2019, 2:56 p.m.
  • Length: 17:11
Show
View Real Time Build Order
Export as new Build Order

YanXII Terran 

Build Orders: Hellion Banshee 

Get SALT Encoding   

  12  0:01  SCV  
  13  0:13  SCV  
  14  0:17  Supply Depot  
  14  0:25  SCV  
  14  0:27  Refinery  
  15  0:38  SCV  
  16  0:45  Barracks  
  16  0:50  SCV  
  17  1:02  SCV  
  18  1:14  SCV  
  20  1:32  Reaper  
  20  1:33  Orbital Command  
  20  1:45  Command Center  
  20  1:59  SCV  
  20  2:01  Factory  
  21  2:11  SCV  
  21  2:13  Barracks Reactor  
  22  2:15  Supply Depot  
  22  2:23  SCV  
  22  2:24  Refinery  
  23  2:37  SCV  
  24  2:49  SCV, Starport  
  25  2:57  Orbital Command  
  25  3:00  Hellion x2  
  25  3:01  SCV  
  25  3:03  Barracks Tech Lab  
  30  3:13  SCV  
  31  3:23  SCV  
  31  3:25  SCV  
  31  3:26  Supply Depot  
  33  3:28  Hellion  
  33  3:32  Hellion  
  37  3:35  SCV  
  37  3:37  SCV, Cloaking Field  
  39  3:45  Banshee  
  39  3:47  SCV  
  43  3:53  SCV  
  39  3:56  Supply Depot  
  39  3:58  Hellion x2  
  39  3:59  SCV  
  39  4:00  Barracks Tech Lab  
  44  4:06  SCV  
  45  4:11  SCV  
  46  4:18  SCV, Marine  
  46  4:19  Stimpack  
  46  4:22  Hellion x2  
  46  4:23  SCV  
  53  4:31  SCV  
  54  4:36  SCV  
  51  4:40  Command Center  
  51  4:43  SCV, Hellion x2  
  56  4:46  Marine  
  56  4:48  SCV  
  56  4:51  Banshee  
  61  4:55  SCV  
  62  5:02  SCV  
  62  5:05  Barracks  
  55  5:07  SCV  
  55  5:08  Barracks  
  56  5:14  SCV  
  56  5:16  Refinery, Engineering Bay x2  
  56  5:17  Refinery, Hellion  
  56  5:19  SCV  
  56  5:23  Supply Depot  
  56  5:26  Marine  
  56  5:28  Hellion  
  59  5:31  SCV  
  57  5:37  SCV  
  57  5:39  Hellion  
  60  5:44  Marine  
  57  5:56  SCV x2  
  57  5:58  Terran Infantry Weapons Level 1, Terran Infantry Armor Level 1  
  57  6:00  Command Center  
  59  6:08  Combat Shield  
  59  6:10  Marine  
  59  6:11  Barracks x2, Starport Reactor  
  56  6:12  SCV  
  56  6:13  Factory Reactor  
  56  6:14  Marine x3  
  56  6:18  SCV  
  61  6:23  Supply Depot  
  61  6:24  SCV, Concussive Shells  
  62  6:26  Supply Depot  
  62  6:28  Marine  
  62  6:30  SCV  
  62  6:32  Marine x2  
  66  6:33  Marine  
  66  6:36  SCV  
  68  6:42  SCV, Supply Depot  
  68  6:43  Supply Depot  
  68  6:46  Marine  
  70  6:48  SCV, Supply Depot  
  70  6:50  Marine  
  72  6:54  SCV  
  72  6:55  Marine  
  72  6:56  Marine  
  72  7:00  Barracks Reactor, SCV, Supply Depot  
  76  7:01  Barracks Reactor  
  76  7:03  Widow Mine x2  
  76  7:05  Factory  
  76  7:06  SCV  
  81  7:12  SCV  
  81  7:14  Marine x2  
  81  7:15  Marauder  
  83  7:18  SCV  
  83  7:19  Marine  
  85  7:24  SCV  
  85  7:25  Medivac x2  
  90  7:32  Marine x2  
  90  7:33  SCV  
  90  7:36  Marauder, SCV, Marine x2  
  98  7:37  Marauder, Armory  
  98  7:38  Widow Mine  
  98  7:39  Marine x2  
  104  7:45  SCV  
  104  7:48  SCV  
  104  7:50  Marine x2  
  108  7:51  Factory Tech Lab  
  108  7:53  Supply Depot, Marine  
  108  7:54  Marine  
  108  7:57  Marine x3  
  115  7:58  Marauder  
  115  8:05  Orbital Command  
  115  8:07  SCV x2  
  115  8:08  Marine x2  
  115  8:11  Marine x2  
  121  8:15  Marine  
  121  8:16  Marine  
  121  8:19  SCV x2  
  120  8:29  Marine x2  
  120  8:30  Marauder, Widow Mine x2  
  120  8:31  SCV  
  117  8:36  Marine  
  117  8:37  Marauder, Marine x3  
  117  8:38  SCV x2  
  117  8:39  Widow Mine  
  122  8:43  SCV  
  122  8:45  Terran Infantry Armor Level 2  
  122  8:47  Marine  
  124  8:49  Terran Infantry Weapons Level 2  
  124  8:50  SCV  
  124  8:51  Marauder  
  124  8:52  Widow Mine  
  129  8:57  Medivac x2  
  129  8:58  Marauder  
  135  9:04  Marine x4  
  135  9:05  Widow Mine  
  141  9:17  Supply Depot x2  
  141  9:26  Widow Mine  
  141  9:29  SCV x2  
  141  9:38  Medivac, SCV, Marauder x2, Marine  
  149  9:39  Widow Mine x2, Marine x3  
  156  9:48  Widow Mine  
  156  9:52  Missile Turret, Marine x2  
  152  9:53  Missile Turret  
  152  9:54  Command Center  
  152  9:56  Barracks  
  152  9:57  Barracks, Missile Turret  
  152  9:58  Medivac  
  154  10:01  Widow Mine x2  
  154  10:05  Marine  
  157  10:11  Marine  
  156  10:14  Marine  
  156  10:16  Supply Depot  
  156  10:17  SCV x2  
  156  10:18  SCV, Supply Depot, Marine  
  156  10:19  Medivac, Marauder, Widow Mine  
  157  10:23  Refinery  
  157  10:24  Refinery  
  157  10:33  Missile Turret  
  157  10:35  Supply Depot, Missile Turret  
  157  10:36  Medivac  
  157  10:37  Widow Mine x2  
  157  10:38  Missile Turret  
  157  10:41  Widow Mine  
  165  10:46  Marauder, Marine x2  
  165  10:49  Medivac  
  167  10:57  Missile Turret  
  167  10:58  Widow Mine x2  
  167  11:02  Widow Mine  
  167  11:03  Marine x4  
  175  11:06  Medivac, Marine x3  
  176  11:13  Marine  
  177  11:20  Widow Mine x2  
  177  11:21  Marine x2  
  177  11:23  Widow Mine, Marine  
  178  11:27  Marine x2  
  178  11:32  Marine x2  
  173  11:38  Marine x2  
  163  11:41  Widow Mine x2  
  163  11:43  Marine x2  
  163  11:44  Marine  
  163  11:45  Widow Mine  
  159  11:47  Medivac x2  
  143  11:54  Marauder, Marine x2  
  143  11:56  Marine x2  
  145  12:02  Widow Mine x2  
  145  12:03  Missile Turret  
  145  12:04  Barracks Reactor x2  
  145  12:06  Barracks, Widow Mine  
  151  12:11  Terran Infantry Armor Level 3  
  151  12:12  Supply Depot  
  151  12:14  Marauder  
  152  12:16  Marauder  
  152  12:17  Medivac x2  
  147  12:24  Widow Mine x2, Marine x4  
  147  12:27  Widow Mine, Planetary Fortress  
  144  12:31  Command Center  
  144  12:34  Supply Depot  
  144  12:35  Marine  
  144  12:36  Marauder  
  147  12:41  Marauder, Marine  
  150  12:45  Widow Mine x2  
  150  12:47  Medivac  
  155  12:57  Marauder  
  157  12:58  Widow Mine  
  157  12:59  Barracks Reactor, Marine x3  
  157  13:00  Marine x2  
  157  13:01  Marine  
  157  13:02  Marauder  
  165  13:06  Widow Mine x2, Marine x3  
  172  13:13  Marine  
  172  13:17  Marine x2  
  175  13:20  Widow Mine  
  175  13:23  Marine x2  
  175  13:24  Marine  
  174  13:27  Marine x2  
  174  13:28  Widow Mine x2  
  175  13:36  Marine x3  
  175  13:37  SCV x2  
  175  13:38  SCV  
  172  13:41  Widow Mine  
  172  13:47  Marine x2  
  172  13:48  Marauder  
  163  13:49  SCV x2, Widow Mine  
  163  13:50  SCV  
  163  13:52  Widow Mine  
  163  13:53  Command Center  
  170  14:02  Marine x3  
  174  14:03  Marauder, Widow Mine, Marine  
  174  14:07  Supply Depot  
  174  14:09  Marauder  
  180  14:11  Widow Mine, Barracks Tech Lab  
  180  14:12  Barracks Tech Lab  
  180  14:13  Widow Mine  
  180  14:16  Marine x2  
  186  14:21  Missile Turret  
  187  14:24  Widow Mine  
  187  14:27  Marauder, Missile Turret  
  187  14:28  Marine x5  
  187  14:31  Marauder  
  195  14:39  Widow Mine  
  195  14:42  Marine x2  
  195  14:43  Marauder, Widow Mine  
  195  14:49  Widow Mine  
  195  14:52  Marauder  
  184  15:04  Supply Depot  
  184  15:05  Marauder x2, Widow Mine, Marine x6  
  184  15:06  Supply Depot  
  196  15:12  Widow Mine  
  196  15:13  Marauder, Widow Mine  
  191  15:27  Marauder, Widow Mine  
  188  15:33  Widow Mine  
  188  15:35  Marauder  
  189  15:40  Marine x2  
  157  15:54  Marine x3  
  157  15:55  Marauder x2, Marine x4  
  152  16:01  Widow Mine x3  
  158  16:11  Planetary Fortress  
  158  16:13  SCV x3  
  161  16:22  Widow Mine  
  161  16:25  SCV  
  164  16:27  Marauder x3, Marine x7  
  164  16:28  Marine x2  
  179  16:45  Marine  
Show
View Real Time Build Order
Export as new Build Order

DatBoiNYK Zerg - Winner!

Build Orders: Hatch First, Muta Ling Bane 

Get SALT Encoding   

  12  0:01  Drone  
  13  0:12  Overlord  
  13  0:18  Drone  
  14  0:33  Drone x2  
  16  0:49  Hatchery  
  15  0:52  Drone  
  16  0:58  Drone  
  16  0:59  Drone  
  18  1:12  Extractor  
  18  1:14  Spawning Pool  
  18  1:17  Drone  
  17  1:21  Drone  
  18  1:28  Drone  
  19  1:39  Drone  
  20  1:49  Overlord  
  20  2:02  Queen x2  
  20  2:03  Zergling x4  
  26  2:16  Drone x2, Metabolic Boost  
  28  2:42  Queen x2  
  31  2:57  Hatchery  
  31  2:58  Drone, Overlord  
  30  2:59  Drone x2  
  30  3:04  Overlord  
  33  3:10  Spore Crawler  
  32  3:17  Drone x3  
  36  3:25  Queen  
  38  3:32  Queen  
  40  3:37  Overlord  
  40  3:38  Drone x2  
  40  3:39  Drone  
  40  3:40  Drone  
  44  3:46  Zergling x4  
  44  3:58  Drone x6  
  44  3:59  Drone  
  51  4:08  Lair  
  51  4:10  Spore Crawler  
  51  4:12  Spore Crawler  
  49  4:19  Queen  
  51  4:26  Spore Crawler  
  51  4:30  Drone x3  
  51  4:33  Zergling x12  
  57  4:43  Overlord  
  57  4:50  Drone x7  
  64  4:54  Overlord  
  64  5:00  Queen  
  64  5:02  Zergling x4  
  64  5:03  Zergling x2  
  67  5:10  Overseer  
  65  5:15  Extractor  
  65  5:16  Extractor  
  65  5:19  Drone x2  
  64  5:21  Baneling Nest  
  64  5:24  Drone  
  64  5:25  Drone x8  
  69  5:45  Evolution Chamber  
  69  5:46  Evolution Chamber, Zergling x16  
  69  5:49  Overlord  
  69  5:57  Drone  
  69  5:58  Drone x2, Extractor  
  71  6:06  Drone x2  
  71  6:07  Centrifical Hooks  
  71  6:08  Extractor  
  71  6:09  Extractor  
  71  6:22  Drone x8  
  71  6:23  Hatchery  
  78  6:27  Overlord  
  78  6:28  Overlord  
  77  6:40  Zerg Ground Armor Level 1, Zerg Melee Weapons Level 1  
  76  7:02  Drone x3  
  76  7:03  Drone x8  
  76  7:04  Drone  
  76  7:06  Spire  
  87  7:10  Overseer  
  87  7:27  Zergling x22  
  98  7:32  Baneling x6  
  98  7:33  Baneling x8  
  98  7:36  Queen  
  98  7:38  Overlord x2  
  100  7:46  Drone x4  
  100  7:47  Overlord  
  100  7:50  Overlord  
  104  7:52  Overlord  
  104  8:00  Baneling x3  
  104  8:01  Zergling x2  
  104  8:02  Zergling x12  
  109  8:17  Overseer  
  109  8:18  Drone  
  109  8:19  Drone x11  
  109  8:38  Mutalisk x4  
  109  8:39  Mutalisk x2  
  119  8:42  Overseer  
  119  8:44  Hatchery  
  119  8:46  Extractor  
  117  8:49  Baneling x8  
  117  8:50  Baneling x3  
  117  8:54  Zerg Melee Weapons Level 2  
  117  8:55  Hatchery  
  116  8:57  Hatchery  
  115  9:03  Overseer  
  115  9:04  Zerg Ground Armor Level 2  
  114  9:11  Zergling x24  
  126  9:19  Overlord x2  
  126  9:20  Overlord x3  
  117  9:32  Mutalisk x2  
  117  9:33  Mutalisk x3  
  117  9:35  Baneling x7  
  117  9:36  Baneling x3  
  127  9:48  Mutalisk x2  
  128  9:55  Zergling x10  
  128  9:56  Zergling x14  
  138  10:01  Infestation Pit  
  138  10:06  Mutalisk x2  
  130  10:15  Drone x3  
  130  10:22  Drone  
  130  10:23  Drone x3  
  134  10:30  Drone  
  134  10:35  Zerg Flyer Weapons Level 1  
  135  10:36  Mutalisk x4  
  135  10:41  Zergling x8  
  147  10:43  Baneling x4  
  147  10:56  Pneumatized Carapace  
  147  10:57  Burrow  
  147  11:06  Zergling x16  
  147  11:07  Zergling x18  
  147  11:09  Baneling x10  
  147  11:10  Baneling  
  158  11:32  Mutalisk x2  
  137  11:33  Mutalisk x2  
  137  11:35  Zergling x18  
  150  11:47  Mutalisk x2  
  150  11:48  Mutalisk  
  151  12:00  Baneling  
  151  12:01  Baneling x8  
  146  12:03  Overseer  
  146  12:06  Drone x2  
  146  12:07  Drone x5, Overlord  
  146  12:08  Overlord  
  153  12:15  Mutalisk x2  
  137  12:23  Zergling x10  
  137  12:24  Zergling x4  
  137  12:29  Zergling x16  
  151  12:30  Zergling x14  
  151  12:31  Baneling x4  
  151  12:33  Queen  
  156  12:37  Extractor  
  156  12:38  Hive  
  156  12:43  Zergling x22  
  166  12:45  Baneling x13  
  163  12:59  Baneling  
  163  13:00  Baneling x11  
  163  13:12  Zergling x42  
  184  13:13  Zergling x2  
  184  13:26  Overlord x3  
  180  13:27  Overseer  
  171  13:35  Zergling x10  
  171  13:36  Zergling x20  
  184  13:44  Zergling x6  
  172  13:58  Spore Crawler x2  
  172  14:00  Hatchery  
  172  14:02  Zergling x28  
  183  14:06  Overseer  
  183  14:20  Zerg Melee Weapons Level 3, Zerg Ground Armor Level 3  
  183  14:22  Adrenal Glands  
  183  14:24  Overseer  
  182  14:25  Ultralisk Cavern  
  182  14:26  Zergling x2  
  182  14:27  Zergling x36  
  195  14:39  Baneling x10  
  195  14:41  Baneling x16  
  190  14:46  Baneling  
  190  14:47  Baneling x16  
  178  15:00  Zergling x6  
  178  15:01  Zergling x36  
  192  15:17  Chitinous Plating  
  192  15:21  Ultralisk  
  170  15:36  Ultralisk x2  
  173  15:54  Ultralisk  
  173  15:56  Mutalisk x2  
  171  15:59  Zergling x2  
  171  16:00  Zergling x40  
  186  16:04  Extractor  
  183  16:16  Overseer  
  183  16:17  Overseer  
  183  16:20  Baneling x5  
  183  16:21  Baneling x2  
  183  16:23  Mutalisk x3  
  183  16:24  Hatchery  
  188  16:32  Spine Crawler  
  187  16:33  Spine Crawler x2  
  187  16:34  Zergling x2  
  187  16:35  Zergling x26  
  189  16:47  Baneling  
  189  16:48  Baneling x12  
Tags
 
Add a new tag
Caveats
  • Supply blocks, unpowered buildings, or Contaminate may cause inaccurate times.
  • Supply counts are checked every 10 seconds.